 Dungeon Crawl Stone Soup version 0.29-a0-284-gf9362112df (webtiles) character file.

Game seed: 7479827646121066046

9 ImHallYall the Poker (level 2, -1/24 HPs)
             Began as a Human Cinder Acolyte on Mar 24, 2022.
             Was a Follower of Okawaru.
             Succumbed to an adder's poison
             ... on level 2 of the Dungeon.
             The game lasted 00:02:26 (662 turns).

ImHallYall the Poker (Human Cinder Acolyte)          Turns: 662, Time: 00:02:27

Health: -1/24      AC:  3    Str: 14    XL:     2   Next: 20%
Magic:  3/3        EV: 11    Int: 14    God:    Okawaru [*.....]
Gold:   112        SH:  0    Dex:  8    Spells: 3/3 levels left

rFire   . . .      SeeInvis .   a - -1 spear (flame)
rCold   . . .      Faith    .   (no shield)
rNeg    . . .      Spirit   .   e - +0 leather armour
rPois   .          Reflect  .   (no helmet)
rElec   .          Harm     .   (no cloak)
rCorr   .          Rampage  .   (no gloves)
Will    +....                   (no boots)
Stlth   +.........              (no amulet)
HPRegen 0.08/turn               c - ring of willpower
MPRegen 0.08/turn               (no ring)

@: lethally poisoned (-1 -> -17), fire susceptible
A: no striking features
a: Renounce Religion, Heroism


You were on level 2 of the Dungeon.
You worshipped Okawaru.
Okawaru was aware of your devotion.
You visited 1 branch of the dungeon, and saw 2 of its levels.

You collected 112 gold pieces.

Inventory:

Hand Weapons
 a - a -1 spear of flaming (weapon)
Armour
 b - a +0 robe
 e - a +0 leather armour (worn)
Jewellery
 c - a ring of willpower (left hand)
Scrolls
 f - a scroll of identify {unknown}
Potions
 d - 4 potions of haste {unknown}


   Skills:
 + Level 3.2 Fighting
 + Level 3.2 Polearms
 + Level 0.3 Armour
 + Level 1.0 Spellcasting
 + Level 3.0 Fire Magic


You had 3 spell levels left.
You didn't know any spells.
Your spell library contained the following spells:

 Spells                   Type           Power      Damage    Failure   Level
 Scorch                   Fire           18%        2d6       14%         2


Dungeon Overview and Level Annotations

Branches:
Dungeon (2/15)

Altars:
Okawaru


Message History

The jackal barks!
A jackal comes into view.
A ball python comes into view.
There is an open door here.
The jackal barks!
The ball python hisses angrily.
You hit the rat. You burn the rat.
You kill the rat!
Okawaru accepts your kill.
The jackal bites you but does no damage.
The adder barely misses you. The jackal closely misses you.
The adder bites you.
You are poisoned.
The adder poisons you!
You completely miss the jackal.
You feel sick. The jackal barely misses you. The jackal closely misses you.
The adder misses you.
You feel sick. The jackal bites you. The ball python misses you.
The ball python grabs you. The ball python constricts you. The adder bites you.
You are more poisoned.
The adder poisons you! The jackal bites you. The jackal completely misses you.
You escape the ball python's grasp.
The jackal attacks as you move away! The jackal misses you.
You feel sick. The adder closely misses you.
The ball python closely misses you. The ball python grabs you.
The ball python constricts you. The adder bites you.
You are lethally poisoned!
The adder poisons you!
You hit the jackal. You burn the jackal.
The jackal is heavily wounded.
* * * LOW HITPOINT WARNING * * *
You feel very sick. The jackal bites you.
* * * LOW HITPOINT WARNING * * *
The ball python barely misses you. The ball python constricts you.
* * * LOW HITPOINT WARNING * * *
The adder bites you but does no damage.
You escape the ball python's grasp.
The jackal attacks as you move away! The jackal barely misses you.
The adder attacks as you move away! The adder bites you.
* * * LOW HITPOINT WARNING * * *
You are more poisoned.
The adder poisons you!
You die...

#.............#.#
##..........###.#####
.....................
............#.#.#####
.######.##.......#.#
.........#.###.#.#)#
.........#'###.#.#.#
.........S.....#.#.#
.......@.hh......#.#
.........S.......#.#
..####...........#.#####
#...........#......
..........##.#######
###........# .#
#........# #........#


You could see an adder, 2 jackals and a ball python.

Vanquished Creatures
  2 endoplasms (D:1)
  A goblin (D:1)
  A hobgoblin (D:1)
  A kobold (D:2)
  2 frilled lizards
  A rat (D:2)
8 creatures vanquished.

Vanquished Creatures (others)
  5 toadstools (D:1)
5 creatures vanquished.

Grand Total: 13 creatures vanquished

Notes
Turn   | Place    | Note
-------+----------+-------------------------------------------
     0 | D:1      | ImHallYall the Human Cinder Acolyte began the quest for the
                  | Orb.
     0 | D:1      | Reached XP level 1. HP: 18/18 MP: 2/2
   230 | D:1      | Found a faded altar of an unknown god.
   241 | D:1      | Prayed at the altar of an unknown god.
   241 | D:1      | Fell from the grace of Ignis
   241 | D:1      | Became a worshipper of Warmaster Okawaru
   241 | D:1      | Reached * piety under Okawaru
   376 | D:1      | Reached XP level 2. HP: 15/24 MP: 3/3
   662 | D:2      | Succumbed to an adder's poison

Illustrated notes

Levels and vault maps discovered:
D:1:      shiori_arrival_maze, layout_basic,
          dreamdust_ecumenical_altar_angels_and_demons,
          minmay_gold_behind_fungi, minmay_misc_feat_rugged,
          kennysheep_minor_cross, nicolae_concentric_dashed_squares_mild
D:2:      layout_basic, uniq_natasha

Action                   || total
-------------------------++-------
Melee: Spear             ||    31
Armor: Robe              ||     2
       Leather armour    ||     4
Dodge: Dodged            ||    22

Table legend: (Time is in decaauts)
 A = Elapsed time spent in this place.
 B = Non-inter-level travel time spent in this place.
 C = Inter-level travel time spent in this place.
 D = Time resting spent in this place.
 E = Time spent auto-exploring this place.
 F = Levels seen in this place.
 G = Mean time per level.
                   A        B        C        D        E       F      G
               +--------+--------+--------+--------+--------+-----+--------+
         Total |    659 |    659 |      0 |     68 |    207 |   2 |  329.5 |
       Dungeon |    659 |    659 |      0 |     68 |    207 |   2 |  329.5 |
               +--------+--------+--------+--------+--------+-----+--------+

Top non-repeatable levels by time:
     D:1: 491 daAuts
     D:2: 167 daAuts
